 Dungeon Crawl Stone Soup version 0.26-a0-858-gbf766624f9 (webtiles) character file.

Game seed: 5717707717183471244

53 miscthings the Ogre Mage (level 3, -1/31 HPs)
             Began as an Ogre Fire Elementalist on Nov 24, 2020.
             Slain by a hobgoblin
             ... wielding a +0 club
              (3 damage)
             ... on level 2 of the Dungeon.
             The game lasted 00:02:14 (1259 turns).

miscthings the Ogre Mage (Ogre Fire Elementalist)   Turns: 1259, Time: 00:02:14

Health: -1/31      AC:  3    Str: 12    XL:     3   Next: 87%
Magic:  1/7        EV: 10    Int: 17    God:
Gold:   76         SH:  5    Dex:  9    Spells: 7/8 levels left

rFire    . . .     SeeInvis .   g - +1 whip (freeze)
rCold    . . .     Faith    .   (no shield)
rNeg     . . .     Spirit   .   a - +0 robe
rPois    .         Reflect  +   (helmet restricted)
rElec    .         Harm     .   (no cloak)
rCorr    .         Rampage  .   (gloves unavailable)
MR       .....                  (boots unavailable)
Stlth    +.........             n - amulet of reflection
HPRegen  0.10/turn              (no ring)
MPRegen  0.10/turn              (no ring)

@: brilliant
A: large, unfitting armour, tough skin 1
a: no special abilities


You were on level 2 of the Dungeon.
You visited 1 branch of the dungeon, and saw 2 of its levels.

You collected 76 gold pieces.

Inventory:

Hand Weapons
 g - a +1 whip of freezing (weapon)
Armour
 a - a +0 robe (worn)
Jewellery
 n - an amulet of reflection (around neck)
Wands
 v - a wand of flame (21)
Scrolls
 c - 2 scrolls of enchant armour {unknown}
 d - a scroll of fear {unknown}
 e - a scroll of immolation {unknown}
 h - a scroll of teleportation {unknown}
 l - a scroll of remove curse {unknown}
 m - a scroll of identify {unknown}
 p - a scroll of amnesia {unknown}
Potions
 i - a potion of heal wounds


   Skills:
 - Level 1.7 Dodging
 - Level 1.4 Stealth
 + Level 3.3 Spellcasting
 + Level 2.0 Conjurations
 + Level 3.2 Fire Magic


You had 7 spell levels left.
You knew the following spells:

 Your Spells              Type           Power        Failure   Level
a - Foxfire               Conj/Fire      ###.         6%          1

Your spell library contained the following spells:

 Spells                   Type           Power        Failure   Level
 Conjure Flame            Conj/Fire      ###.....     17%         3
 Inner Flame              Hex/Fire       ##......     26%         3
 Sticky Flame             Conj/Fire      ###.....     50%         4
 Fireball                 Conj/Fire      ###.......   85%         5


Dungeon Overview and Level Annotations

Branches:
Dungeon (2/15)

Altars:


Innate Abilities, Weirdness & Mutations

You are too large for most types of armour.
You have tough skin. (AC +1)


Message History

You barely miss the hobgoblin. The hobgoblin closely misses you.
You barely miss the hobgoblin. You barely miss the hobgoblin.
The hobgoblin hits you with a +0 club.
* * * LOW HITPOINT WARNING * * *
The hobgoblin hits you but does no damage.
You hit the hobgoblin. You freeze the hobgoblin.
You kill the hobgoblin!
The hobgoblin hits you with a +0 club.
* * * LOW HITPOINT WARNING * * *
Casting: Foxfire (safe; 6% risk of failure)
Confirm with . or Enter, or press ? or * to list all spells.
You feel a surge of power!
You conjure some foxfire!
The hobgoblin hits you but does no damage.
Your foxfire dissipates!
The foxfire hits the hobgoblin but does no damage.
Casting: Foxfire (safe; 6% risk of failure)
Confirm with . or Enter, or press ? or * to list all spells.
You feel a surge of power!
You conjure some foxfire!
The hobgoblin hits you with a +0 club.
You die...

#..## ########...#
##........#.#
......†...#.#
##.......##.####
#......)......#
#.......##.##†#
#......v##.##)##
#.....@g##.#...###
.......v..........#
#############...#†#
##.##.# #....#
######....#
#.........#
#.#####.### #.# #.#


You could see a hobgoblin.

Vanquished Creatures
  Terence (D:2)
  A leopard gecko (D:1)
  2 giant cockroaches
  A hobgoblin (D:2)
  6 kobolds (D:1)
  A ball python (D:1)
  3 bats
  A frilled lizard (D:1)
  5 goblins
  6 rats
27 creatures vanquished.

Vanquished Creatures (others)
  73 foxfires
73 creatures vanquished.

Grand Total: 100 creatures vanquished

Notes
Turn   | Place    | Note
-------+----------+-------------------------------------------
     0 | D:1      | miscthings the Ogre Fire Elementalist began the quest for
                  | the Orb.
     0 | D:1      | Reached XP level 1. HP: 16/16 MP: 3/3
    81 | D:1      | Reached skill level 1 in Conjurations
   416 | D:1      | Reached XP level 2. HP: 24/24 MP: 2/5
  1100 | D:2      | Reached XP level 3. HP: 31/31 MP: 1/7
  1186 | D:2      | Noticed Terence
  1246 | D:2      | Killed Terence
  1250 | D:2      | HP: 1/31 [hobgoblin/+0 club (1)]
  1259 | D:2      | Slain by a hobgoblin

Illustrated notes

Levels and vault maps discovered:
D:1:      elethiomel_arrival_quiet, layout_basic, minmay_misc_feat_hallway
D:2:      layout_loops_ring, general_overflow_altar, cheibriados_altar_1,
          uniq_terence

Skill      XL: |  1  2  3 |
---------------+----------+-----
Conjurations   | 1 2 |  2.0
Fire Magic     | 3 |  3.2
Spellcasting   | 3 |  3.3
Dodging        | |  1.7
Stealth        | |  1.4

Action                   || total
-------------------------++-------
Melee: Unarmed           ||     7
       Whip              ||    24
 Cast: Foxfire           ||    54
  Use: Potion            ||     6
 Stab: Sleeping          ||     1
Armor: Robe              ||    10
Dodge: Dodged            ||    23
Block: Other             ||     6

Table legend: (Time is in decaauts)
 A = Elapsed time spent in this place.
 B = Non-inter-level travel time spent in this place.
 C = Inter-level travel time spent in this place.
 D = Time resting spent in this place.
 E = Time spent auto-exploring this place.
 F = Levels seen in this place.
 G = Mean time per level.
                   A        B        C        D        E       F      G
               +--------+--------+--------+--------+--------+-----+--------+
         Total |   1260 |   1239 |     21 |    351 |    657 |   2 |  630.0 |
       Dungeon |   1260 |   1239 |     21 |    351 |    657 |   2 |  630.0 |
               +--------+--------+--------+--------+--------+-----+--------+

Top non-repeatable levels by time:
     D:1: 982 daAuts
     D:2: 277 daAuts
